TOP OF THE 1ST |
Marion Mets batting - Pitching for Kingsport Cherokees : RHP Doug Drabek
|
Pitching: RHP Doug Drabek
|
|
Batting: RHB Thomas Wallace
|
0-0: Called Strike 0-1: Ball 1-1: Ground out 1-3 (Groundball, P, EV 59.4 MPH)
|
Batting: LHB Ricky de la Cruz
|
0-0: Ball 1-0: Ball 2-0: Ground out 1-3 (Groundball, 34S, EV 66.3 MPH)
|
Batting: RHB Rey Quinones
|
0-0: DOUBLE (Line Drive, 7LS, EV 94.4 MPH)
|
Batting: LHB Christopher Chapman
|
0-0: Ball 1-0: Called Strike 1-1: Ball 2-1: Called Strike 2-2: Ground out U3 (Groundball, 3, EV 86.3 MPH)
|
Top of the 1st over - 0 runs, 1 hit, 0 errors, 1 left on base; Marion 0 - Kingsport 0 |
BOTTOM OF THE 1ST |
Kingsport Cherokees batting - Pitching for Marion Mets : RHP Jeff Parrett
|
Pitching: RHP Jeff Parrett
|
|
Batting: SHB Terrence Derby
|
0-0: Swinging Strike 0-1: Called Strike 0-2: Ball 1-2: Ball 2-2: SINGLE (Groundball, 34D, EV 94.4 MPH)
|
Batting: RHB Joseph Kramer
|
0-0: Ball 1-0: Ball 2-0: Ball 3-0: Base on Balls Terrence Derby to second
|
Batting: LHB Ronald Davis
|
0-0: Called Strike 0-1: Swinging Strike 0-2: Strikes out looking
|
Batting: RHB James Hudson
|
0-0: Called Strike 0-1: Swinging Strike 0-2: Ball 1-2: Strikes out swinging
|
Batting: RHB Timothy Smith
|
0-0: Ball 1-0: Swinging Strike 1-1: Swinging Strike 1-2: Strikes out looking
|
Bottom of the 1st over - 0 runs, 1 hit, 0 errors, 2 left on base; Marion 0 - Kingsport 0 |
TOP OF THE 2ND |
Marion Mets batting - Pitching for Kingsport Cherokees : RHP Doug Drabek
|
Batting: RHB Wayne Harrison
|
0-0: Ball 1-0: Foul Ball, location: 2F 1-1: Foul Ball, location: 2F 1-2: Fly out, F8 (Flyball, 8RD, EV 98.1 MPH)
|
Batting: LHB Jeff Schulz
|
0-0: Ball 1-0: Ball 2-0: Called Strike 2-1: Fly out, F4 (Popup, 4S, EV 81.9 MPH)
|
Batting: LHB Lorenzo Castillo
|
0-0: Called Strike 0-1: Fly out, F7 (Flyball, 78M, EV 90.6 MPH)
|
Top of the 2nd over - 0 runs, 0 hits, 0 errors, 0 left on base; Marion 0 - Kingsport 0 |
BOTTOM OF THE 2ND |
Kingsport Cherokees batting - Pitching for Marion Mets : RHP Jeff Parrett
|
Batting: LHB Peter Camelo
|
0-0: Foul Ball, location: 2F 0-1: Ball 1-1: Called Strike 1-2: Fly out, F8 (Flyball, 8LD, EV 101.3 MPH)
|
Batting: RHB Juan Baez
|
0-0: Ball 1-0: Called Strike 1-1: Ball 2-1: Ball 3-1: Base on Balls
|
Batting: SHB Nelson Liriano
|
0-0: Called Strike 0-1: Foul Ball, location: 2F 0-2: Ball 1-2: Ball 2-2: Ball 3-2: Strikes out swinging
|
Batting: RHB Jose Sanchez
|
0-0: Fly out, F8 (Flyball, 8LS, EV 85.6 MPH)
|
Bottom of the 2nd over - 0 runs, 0 hits, 0 errors, 1 left on base; Marion 0 - Kingsport 0 |
TOP OF THE 3RD |
Marion Mets batting - Pitching for Kingsport Cherokees : RHP Doug Drabek
|
Batting: RHB Bob Geren
|
0-0: Foul Ball, location: 2F 0-1: Ball 1-1: Ball 2-1: Ball 3-1: Called Strike 3-2: Foul Ball, location: 2F 3-2: Base on Balls
|
Batting: SHB Sherman Webb
|
0-0: Foul Ball, location: 2F 0-1: Called Strike 0-2: Ball 1-2: Ball Passed Ball! Bob Geren to second 2-2: Strikes out swinging
|
Batting: RHB Thomas Wallace
|
0-0: SINGLE (Groundball, 5S, EV 69.4 MPH) (infield hit) Bob Geren to third
|
Batting: LHB Ricky de la Cruz
|
0-0: Ball 1-0: Ball 2-0: Ball 3-0: Called Strike 3-1: Fly out, F9 (Flyball, 9S, EV 86.9 MPH)
|
Batting: RHB Rey Quinones
|
0-0: SINGLE (Line Drive, 5D, EV 94.4 MPH) Bob Geren scores Thomas Wallace to second
|
Batting: LHB Christopher Chapman
|
0-0: Ground out U3 (Groundball, 3, EV 82.5 MPH)
|
Top of the 3rd over - 1 run, 2 hits, 0 errors, 2 left on base; Marion 1 - Kingsport 0 |
BOTTOM OF THE 3RD |
Kingsport Cherokees batting - Pitching for Marion Mets : RHP Jeff Parrett
|
Batting: SHB Terrence Derby
|
0-0: Ball 1-0: Foul Ball, location: 2F 1-1: Ball 2-1: Swinging Strike 2-2: Ball 3-2: Foul Ball, location: 2F 3-2: Ground out 6-3 (Groundball, 6, EV 92.5 MPH)
|
Batting: RHB Joseph Kramer
|
0-0: Called Strike 0-1: TRIPLE (Line Drive, 89XD, EV 105.0 MPH)
|
Batting: LHB Ronald Davis
|
0-0: Called Strike 0-1: Ball 1-1: DOUBLE (Line Drive, 78XD, EV 106.3 MPH) Joseph Kramer scores
|
Batting: RHB James Hudson
|
0-0: Ground out 4-3 (Groundball, 4MS, EV 68.1 MPH) Ronald Davis to third
|
Batting: RHB Timothy Smith
|
0-0: Ball 1-0: Fly out, F8 (Flyball, 89M, EV 92.5 MPH)
|
Bottom of the 3rd over - 1 run, 2 hits, 0 errors, 1 left on base; Marion 1 - Kingsport 1 |
TOP OF THE 4TH |
Marion Mets batting - Pitching for Kingsport Cherokees : RHP Doug Drabek
|
Batting: RHB Wayne Harrison
|
0-0: Ball 1-0: Ball 2-0: Called Strike 2-1: Called Strike 2-2: Strikes out swinging
|
Batting: LHB Jeff Schulz
|
0-0: Ball 1-0: Foul Ball, location: 2F 1-1: Ball 2-1: DOUBLE (Flyball, 8LXD, EV 100.6 MPH)
|
Batting: LHB Lorenzo Castillo
|
0-0: Ground out 4-3 (Groundball, 4M, EV 100.6 MPH) Jeff Schulz to third
|
Batting: RHB Bob Geren
|
0-0: 2-RUN HOME RUN (Flyball, 7D, EV 93.8 MPH), Distance : 361 ft
|
Batting: SHB Sherman Webb
|
0-0: Ball 1-0: Ball 2-0: Fly out, F9 (Flyball, 89D, EV 98.8 MPH)
|
Top of the 4th over - 2 runs, 2 hits, 0 errors, 0 left on base; Marion 3 - Kingsport 1 |
BOTTOM OF THE 4TH |
Kingsport Cherokees batting - Pitching for Marion Mets : RHP Jeff Parrett
|
Batting: LHB Peter Camelo
|
0-0: Ball 1-0: Ball 2-0: Ball 3-0: Base on Balls
|
Batting: RHB Juan Baez
|
0-0: Called Strike 0-1: Called Strike 0-2: Foul Ball, location: 2F 0-2: Ball 1-2: Ball 2-2: Ball 3-2: SINGLE (Groundball, 56, EV 78.1 MPH) (infield hit) Peter Camelo to second
|
Batting: SHB Nelson Liriano
|
0-0: Called Strike 0-1: Fly out, F9 (Flyball, 9, EV 87.5 MPH)
|
Batting: RHB Jose Sanchez
|
0-0: Ball 1-0: Swinging Strike 1-1: Ball 2-1: Ball 3-1: Base on Balls Peter Camelo to third Juan Baez to second
|
Batting: SHB Terrence Derby
|
0-0: Called Strike 0-1: Called Strike 0-2: Strikes out swinging
|
Batting: RHB Joseph Kramer
|
0-0: Ball 1-0: Ball 2-0: SINGLE (Line Drive, 7LS, EV 98.8 MPH) Peter Camelo scores Juan Baez to third Jose Sanchez to second Runner from 3rd tries for Home, SAFE, throw by LF to home
|
Batting: LHB Ronald Davis
|
0-0: Foul Ball, location: 2F 0-1: Ball 1-1: Swinging Strike 1-2: Ball 2-2: Ball 3-2: Ground out 4-3 (Groundball, 4, EV 108.8 MPH)
|
Bottom of the 4th over - 2 runs, 2 hits, 0 errors, 2 left on base; Marion 3 - Kingsport 3 |
TOP OF THE 5TH |
Marion Mets batting - Pitching for Kingsport Cherokees : RHP Doug Drabek
|
Batting: RHB Thomas Wallace
|
0-0: Swinging Strike 0-1: Ball 1-1: Foul Ball, location: 2F 1-2: Foul Ball, location: 2F 1-2: Ball 2-2: SINGLE (Line Drive, 9S, EV 94.4 MPH)
|
Batting: LHB Ricky de la Cruz
|
0-0: Ball 1-0: Foul Ball, location: 2F 1-1: Foul Ball, location: 2F 1-2: Ball 2-2: Foul Ball, location: 2F 2-2: Ball 3-2: Strikes out swinging
|
Batting: RHB Rey Quinones
|
0-0: Ball 1-0: Called Strike 1-1: Ball 2-1: Foul Ball, location: 2F 2-2: Ball Thomas Wallace steals 2nd base 3-2: Base on Balls
|
Batting: LHB Christopher Chapman
|
0-0: Called Strike Rey Quinones steals 2nd base Thomas Wallace steals 3rd base 0-1: SINGLE (Groundball, 4D, EV 105.0 MPH) Thomas Wallace scores Rey Quinones to third Runner from 3rd tries for Home, SAFE, throw by RF to home
|
Pitching: LHP Rubio Malone
|
|
Batting: RHB Wayne Harrison
|
0-0: Ball 1-0: Foul Ball, location: 2F 1-1: Ball 2-1: Foul Ball, location: 2F 2-2: 2-RUN HOME RUN (Flyball, 7D, EV 93.1 MPH), Distance : 376 ft
|
Batting: LHB Jeff Schulz
|
0-0: Foul Ball, location: 2F 0-1: Fly out, F9 (Flyball, 9, EV 89.4 MPH)
|
Batting: LHB Lorenzo Castillo
|
0-0: Foul Ball, location: 2F 0-1: Ground out 1-3 (Groundball, 13, EV 74.4 MPH)
|
Top of the 5th over - 4 runs, 3 hits, 0 errors, 0 left on base; Marion 7 - Kingsport 3 |
BOTTOM OF THE 5TH |
Kingsport Cherokees batting - Pitching for Marion Mets : RHP Jeff Parrett
|
Batting: RHB James Hudson
|
0-0: Called Strike 0-1: Swinging Strike 0-2: SINGLE (Groundball, 6MD, EV 97.5 MPH)
|
Batting: RHB Timothy Smith
|
0-0: Called Strike 0-1: 2-RUN HOME RUN (Flyball, 7LD, EV 97.5 MPH), Distance : 369 ft
|
Batting: LHB Peter Camelo
|
0-0: Called Strike 0-1: Called Strike 0-2: Ball 1-2: Ball 2-2: Ball 3-2: Base on Balls
|
Batting: RHB Juan Baez
|
0-0: Ball 1-0: Foul Ball, location: 2F 1-1: Ball 2-1: SINGLE (Groundball, 6MD, EV 108.8 MPH) Peter Camelo to second
|
Batting: SHB Nelson Liriano
|
0-0: Called Strike 0-1: Ball 1-1: Swinging Strike 1-2: Ball 2-2: Foul Ball, location: 2F 2-2: Ball 3-2: Base on Balls Peter Camelo to third Juan Baez to second
|
Batting: RHB Jose Sanchez
|
0-0: Called Strike 0-1: Ball 1-1: Fielders Choice at 2nd, 6-4 (Groundball, 6M, EV 83.1 MPH) Peter Camelo scores Juan Baez to third
|
Pitching: RHP Jose Vargas
|
|
Batting: SHB Terrence Derby
|
0-0: Ball 1-0: Foul Ball, location: 2F 1-1: Ground out 4-3 (Groundball, 13, EV 88.1 MPH) Juan Baez scores Jose Sanchez to second
|
Batting: RHB Joseph Kramer
|
0-0: Foul Ball, location: 2F 0-1: Fly out, F8 (Flyball, 8RXD, EV 95.0 MPH)
|
Bottom of the 5th over - 4 runs, 3 hits, 0 errors, 1 left on base; Marion 7 - Kingsport 7 |
TOP OF THE 6TH |
Marion Mets batting - Pitching for Kingsport Cherokees : LHP Rubio Malone
|
Batting: RHB Bob Geren
|
0-0: Ball 1-0: Foul Ball, location: 2F 1-1: Foul Ball, location: 2F 1-2: Ball 2-2: Foul Ball, location: 2F 2-2: Fly out, F9 (Flyball, 9S, EV 88.8 MPH)
|
Batting: SHB Sherman Webb
|
0-0: Called Strike 0-1: Called Strike 0-2: Ball 1-2: Strikes out swinging
|
Batting: RHB Thomas Wallace
|
0-0: Called Strike 0-1: Ball 1-1: Foul Ball, location: 2F 1-2: Ball 2-2: Foul Ball, location: 2F 2-2: Fly out, F3 (Line Drive, 3, EV 70.0 MPH)
|
Top of the 6th over - 0 runs, 0 hits, 0 errors, 0 left on base; Marion 7 - Kingsport 7 |
BOTTOM OF THE 6TH |
Kingsport Cherokees batting - Pitching for Marion Mets : RHP Jose Vargas
|
Batting: LHB Ronald Davis
|
0-0: Foul Ball, location: 2F 0-1: Fly out, F9 (Flyball, 89D, EV 91.9 MPH)
|
Batting: RHB James Hudson
|
0-0: Fly out, F7 (Line Drive, 7, EV 97.5 MPH)
|
Batting: RHB Timothy Smith
|
0-0: Foul Ball, location: 2F 0-1: Ball 1-1: Ball 2-1: Swinging Strike 2-2: Ground out 6-3 (Groundball, 6, EV 104.4 MPH)
|
Bottom of the 6th over - 0 runs, 0 hits, 0 errors, 0 left on base; Marion 7 - Kingsport 7 |
TOP OF THE 7TH |
Marion Mets batting - Pitching for Kingsport Cherokees : LHP Rubio Malone
|
Batting: LHB Ricky de la Cruz
|
0-0: Ball 1-0: Ball 2-0: Foul Ball, location: 2F 2-1: Foul Ball, location: 2F 2-2: Ball 3-2: Ground out 4-3 (Groundball, 4, EV 98.8 MPH)
|
Batting: RHB Rey Quinones
|
0-0: Ball 1-0: Ground out 6-3 (Groundball, 56, EV 78.8 MPH)
|
Batting: LHB Christopher Chapman
|
0-0: Ball 1-0: Ball 2-0: Called Strike 2-1: Foul Ball, location: 2F 2-2: Foul Ball, location: 2F 2-2: Ball 3-2: Ground out U3 (Groundball, 3, EV 99.4 MPH)
|
Top of the 7th over - 0 runs, 0 hits, 0 errors, 0 left on base; Marion 7 - Kingsport 7 |
BOTTOM OF THE 7TH |
Kingsport Cherokees batting - Pitching for Marion Mets : RHP Jose Vargas
|
Batting: LHB Peter Camelo
|
0-0: Ball 1-0: Fly out, F7 (Flyball, 7S, EV 72.5 MPH)
|
Batting: RHB Juan Baez
|
0-0: Called Strike 0-1: Swinging Strike 0-2: Ground out 6-3 (Groundball, 6M, EV 101.9 MPH)
|
Batting: SHB Nelson Liriano
|
0-0: Ball 1-0: DOUBLE (Groundball, 3L, EV 101.3 MPH)
|
Batting: RHB Jose Sanchez
|
0-0: Fly out, F7 (Flyball, 7LM, EV 72.5 MPH)
|
Bottom of the 7th over - 0 runs, 1 hit, 0 errors, 1 left on base; Marion 7 - Kingsport 7 |
TOP OF THE 8TH |
Marion Mets batting - Pitching for Kingsport Cherokees : LHP Rubio Malone
|
Batting: RHB Wayne Harrison
|
0-0: Ball 1-0: Foul Ball, location: 2F 1-1: Called Strike 1-2: Foul Ball, location: 2F 1-2: Ball 2-2: Fly out, F9 (Flyball, 9, EV 86.3 MPH)
|
Batting: LHB Jeff Schulz
|
0-0: Ball 1-0: Foul Ball, location: 2F 1-1: Ground out 4-3 (Groundball, 4M, EV 82.5 MPH)
|
Batting: LHB Lorenzo Castillo
|
0-0: Called Strike 0-1: Foul Ball, location: 2F 0-2: Ball 1-2: Foul Ball, location: 2F 1-2: Strikes out swinging
|
Top of the 8th over - 0 runs, 0 hits, 0 errors, 0 left on base; Marion 7 - Kingsport 7 |
BOTTOM OF THE 8TH |
Kingsport Cherokees batting - Pitching for Marion Mets : RHP Jose Vargas
|
Batting: SHB Terrence Derby
|
0-0: Ball 1-0: SINGLE (Line Drive, 6MD, EV 99.4 MPH)
|
Batting: RHB Joseph Kramer
|
0-0: Swinging Strike 0-1: Called Strike Terrence Derby is caught stealing 2nd base 2-4 0-2: Ball 1-2: Ball 2-2: Ball 3-2: Foul Ball, location: 2F 3-2: Strikes out swinging
|
Batting: LHB Ronald Davis
|
0-0: Ball 1-0: Ball 2-0: Called Strike 2-1: Ball 3-1: SINGLE (Groundball, 5L, EV 97.5 MPH)
|
Pinch Runner at 1st Karl McKay:
|
|
Batting: RHB James Hudson
|
0-0: Ball 1-0: Foul Ball, location: 2F 1-1: Ball 2-1: Ball 3-1: Swinging Strike 3-2: Strikes out swinging
|
Bottom of the 8th over - 0 runs, 2 hits, 0 errors, 1 left on base; Marion 7 - Kingsport 7 |
TOP OF THE 9TH |
Marion Mets batting - Pitching for Kingsport Cherokees : LHP Rubio Malone
|
Now at 1B: Dave Verkuilen
|
|
Batting: RHB Bob Geren
|
0-0: SINGLE (Line Drive, 4MD, EV 94.4 MPH)
|
Batting: SHB Sherman Webb
|
0-0: Bunt missed! 0-1: Ball 1-1: Sac Bunt to 13S - play at first, batter OUT! 1-4 Bob Geren to second
|
Batting: RHB Thomas Wallace
|
0-0: Intentional Walk
|
Pinch Hitting: SHB Ron Scheer
|
0-0: Ball 1-0: Grounds into double play, 6-4-3 (Groundball, 6, EV 85.0 MPH)
|
Top of the 9th over - 0 runs, 1 hit, 0 errors, 1 left on base; Marion 7 - Kingsport 7 |
BOTTOM OF THE 9TH |
Kingsport Cherokees batting - Pitching for Marion Mets : RHP Jose Vargas
|
Now in LF: Ron Scheer
|
|
Batting: RHB Timothy Smith
|
0-0: Ball 1-0: Called Strike 1-1: Ball 2-1: Called Strike 2-2: SINGLE (Groundball, 34D, EV 106.3 MPH)
|
Batting: LHB Peter Camelo
|
0-0: Ball 1-0: Grounds into double play, 4-6-3 (Groundball, 4, EV 103.1 MPH)
|
Batting: RHB Juan Baez
|
0-0: Called Strike 0-1: Fly out, F4 (Line Drive, 4, EV 68.8 MPH)
|
Bottom of the 9th over - 0 runs, 1 hit, 0 errors, 0 left on base; Marion 7 - Kingsport 7 |
TOP OF THE 10TH |
Marion Mets batting - Pitching for Kingsport Cherokees : LHP Rubio Malone
|
Batting: RHB Rey Quinones
|
0-0: Ball 1-0: Swinging Strike 1-1: Ball 2-1: SINGLE (Line Drive, 7LS, EV 98.8 MPH)
|
Batting: LHB Christopher Chapman
|
0-0: Ball 1-0: Called Strike 1-1: Swinging Strike 1-2: Ball Rey Quinones is caught stealing 2nd base 2-6 2-2: Foul Ball, location: 2F 2-2: Foul Ball, location: 2F 2-2: Ball 3-2: SINGLE (Flyball, 8LS, EV 92.5 MPH)
|
Pitching: LHP Raul Lopez
|
|
Batting: RHB Wayne Harrison
|
0-0: Fly out, F4 (Flyball, 34D, EV 88.8 MPH)
|
Batting: LHB Jeff Schulz
|
0-0: Swinging Strike 0-1: Called Strike 0-2: Ball 1-2: Fly out, F7 (Flyball, 7D, EV 105.6 MPH)
|
Top of the 10th over - 0 runs, 2 hits, 0 errors, 1 left on base; Marion 7 - Kingsport 7 |
BOTTOM OF THE 10TH |
Kingsport Cherokees batting - Pitching for Marion Mets : RHP Jose Vargas
|
Pitching: RHP Gregory Hammond
|
|
Batting: SHB Nelson Liriano
|
0-0: Ball 1-0: Foul Ball, location: 2F 1-1: Ball 2-1: Ball 3-1: Ground out 5-3 (Groundball, 56, EV 108.1 MPH)
|
Pinch Hitting: RHB Charles Carraway
|
0-0: Ball 1-0: Foul Ball, location: 2F 1-1: Ball 2-1: SOLO HOME RUN (Flyball, 7D, EV 100.6 MPH), Distance : 361 ft
|
Bottom of the 10th over - 1 run, 1 hit, 0 errors, 0 left on base; Marion 7 - Kingsport 8 |
|